 Dungeon Crawl Stone Soup version 0.31.0-11-ge490571c62 (webtiles) character file.

Game seed: 1468889317038580421

156 qw the Ducker (level 5, 0/25 HPs)
             Began as a Spriggan Hunter on Feb 5, 2024.
             Killed by divine providence
             ... invoked by an orc priest
              (11 damage)
             ... on level 4 of the Dungeon.
             The game lasted 00:01:46 (2274 turns).

qw the Ducker (Spriggan Hunter)                     Turns: 2274, Time: 00:01:47

Health: 0/25       AC:  2    Str: 13    XL:     5   Next: 15%
Magic:  6/6        EV: 23    Int: 11    God:
Gold:   151        SH:  0    Dex: 26    Spells: 4/4 levels left

rFire   . . .        a - +2 shortbow
rCold   . . .        (shield currently unavailable)
rNeg    . . .        c - +0 robe
rPois   .            (helmet restricted)
rElec   .            (no cloak)
rCorr   .            (gloves unavailable)
SInv    +            (boots unavailable)
Will    .....        (no amulet)
Stlth   ++           g - +6 ring of dexterity
HPRegen 0.24/turn    e - +6 ring of strength
MPRegen 0.10/turn

%: no passive effects
@: very quick
A: very small, no large weapons, unfitting armour, see invisible, speed 3
a: no special abilities


You were on level 4 of the Dungeon.
You visited 1 branch of the dungeon, and saw 4 of its levels.

You collected 151 gold pieces.


Innate Abilities, Weirdness & Mutations

You are very small and have problems with some larger weapons.
You are too small for most types of armour.
You have supernaturally acute eyesight. (SInv)
You cover ground extremely quickly. (Speed+++)


   Skills:
 - Level 1.5 Fighting
 - Level 5.0 Ranged Weapons
 + Level 5.9 Dodging
 - Level 1.5 Stealth


You had 4 spell levels left.
You didn't know any spells.
Your spell library was empty.

Inventory:

Hand Weapons
 a - a +2 shortbow (weapon)
Armour
 c - a +0 robe (worn)
Jewellery
 e - a +6 ring of strength (right hand)
 g - a +6 ring of dexterity (left hand)
Potions
 d - 3 potions of resistance
 f - a potion of haste {unknown}
 h - a potion of mutation {unknown}
 j - a potion of curing {unknown}
 k - a potion of might {unknown}

Dungeon Overview and Level Annotations

Branches:
Dungeon (4/15)
 Temple: D:4-7

Altars:

Annotations:
D:2 1 runed translucent door, Crazy Yiuf


Message History

What level of the Dungeon? (default 3, ? - help)
There is a stone staircase leading down here.
You climb downwards.
There is a stone staircase leading up here.
A goblin is nearby!
Waypoint 3 assigned to D:4.
You shoot an arrow. The arrow hits the goblin.
The goblin is heavily wounded.
You shoot an arrow. The arrow hits the goblin!
You kill the goblin!
You now have 151 gold pieces (gained 20).
Found a stone staircase leading down.
You open the door.
Found a dire flail.
There is an open door here.
An orc wizard and an orc come into view.
Enter note:
Enter note: You shoot an arrow.
The arrow hits the orc wizard!
The orc wizard shouts!
The orc wizard is almost dead.
You hear a shout!
An orc comes into view. It is wielding a +0 war axe.
You shoot an arrow. The orc shouts!
The arrow hits the orc but does no damage.
An orc priest comes into view. It is wielding a +1 heavy flail.
You shoot an arrow. The arrow hits the orc wizard!
You kill the orc wizard!
You have reached level 5!
You feel clever.
You shoot an arrow. The arrow closely misses the orc.
The arrow closely misses the orc priest.
The orc priest invokes the aid of Beogh against you.
Beogh smites you!
Ouch! That really hurt!
An orc priest comes into view. It is wielding a +0 dagger.
You shoot an arrow. The arrow hits the orc!
You kill the orc!
The orc priest mumbles some strange prayers to Beogh against you.
Beogh smites you!
You die...

..####### #####
........# ....
#......# ..#
#......####..#
#............#
.............####
.####.............
#........#@#..###
#.###.##.#....#
.###.##.###.#).o.
#........# ..o o.
#.####...####..
####......+....
#....#.#### ...
.#........###+##
........#.#....#.


You could see 2 orc priests and an orc.

Vanquished Creatures
  An orc wizard (D:4)
  A gnoll (D:2)
  4 adders
  3 dart slugs
  7 orcs
  3 endoplasms (D:3)
  9 goblins
  9 hobgoblins
  7 jackals
  A quokka (D:2)
  10 ball pythons
  7 bats
  4 frilled lizards (D:1)
  2 kobolds (D:2)
  7 rats
75 creatures vanquished.

Notes
Turn   | Place    | Note
-------+----------+-------------------------------------------
     0 | D:1      | qw the Spriggan Hunter began the quest for the Orb.
     0 | D:1      | Reached XP level 1. HP: 10/10 MP: 2/2
     0 | D:1      | 0 ||| qw: Version: 0.3-a-160-g6735b56
     0 | D:1      | 0 ||| qw: Game counter: 6324
     0 | D:1      | 0 ||| qw: Melee chars always use a shield: true
     0 | D:1      | 0 ||| qw: God list: Okawaru
     0 | D:1      | 0 ||| qw: Allow faded altars: false
     0 | D:1      | 0 ||| qw: Do Orc after clearing Dungeon:15 true
     0 | D:1      | 0 ||| qw: Do second Lair branch before Depths: true
     0 | D:1      | 0 ||| qw: Lair rune preference: random
     0 | D:1      | 0 ||| qw: Goals: Normal
     0 | D:1      | 0 ||| PLANNING D:1-11
    38 | D:1      | Reached skill level 3 in Dodging
   131 | D:1      | Reached XP level 2. HP: 11/14 MP: 3/3
   215 | D:1      | Found a faded altar of an unknown god.
   571 | D:1      | 571 ||| UPGRADING to +6 ring of dexterity.
   572 | D:1      | 572 ||| READING scroll labelled YTHYMMA JOKOS.
   673 | D:1      | 673 ||| READING 2 scrolls labelled IMOSHY ZISTRY.
   673 | D:1      | 673 ||| ENCHANTING +0 shortbow.
   674 | D:1      | 674 ||| READING scroll of enchant weapon.
   674 | D:1      | 674 ||| ENCHANTING +1 shortbow.
   675 | D:1      | 675 ||| DROPPING scroll of butterflies.
   916 | D:2      | Reached XP level 3. HP: 18/18 MP: 4/4
   961 | D:2      | Found a runed translucent door.
   962 | D:2      | Noticed Crazy Yiuf
  1179 | D:2      | HP: 4/18 [poisoned by an adder]
  1273 | D:2      | Reached XP level 4. HP: 11/22 MP: 5/5
  1424 | D:2      | 1424 ||| READING scroll labelled LICANNEDDE.
  1444 | D:2      | 1444 ||| READING scroll labelled RENAUD PIDIOQA.
  1445 | D:2      | 1445 ||| READING scroll labelled DUXUYMAICS.
  1446 | D:2      | 1446 ||| READING scroll labelled MUOPUI OROU.
  1447 | D:2      | 1447 ||| READING scroll labelled ANUURPH KARISIM.
  1447 | D:2      | 1447 ||| IDENTIFYING fuming emerald potion
  1460 | D:3      | 1460 ||| STAIRDANCE
  2085 | D:3      | 2085 ||| UPGRADING to +6 ring of strength.
  2086 | D:3      | 2086 ||| READING scroll labelled JEKUARYETOM.
  2273 | D:4      | Reached XP level 5. HP: 25/25 MP: 6/6
  2274 | D:4      | Killed from afar by an orc priest

Levels and vault maps discovered:
D:1:      denvon_arrival_waterhouse, layout_basic,
          ebering_ecumenical_altar_mist, kennysheep_minor_cross
D:2:      minmay_chambers_of_twos, layout_basic, uniq_crazy_yiuf_cottage
D:3:      layout_loops_cross
D:4:      layout_basic, kennysheep_little_box, temple_doors_cd,
          nicolae_take_the_stairs, minmay_misc_feat_tiny, nrook_mini_vaults,
          serial_bayou_pond_a

Skill      XL: |  1  2  3  4 |
---------------+-------------+-----
Dodging        | 3 4 5 |  5.9
Ranged Weapons | 5 |  5.0
Fighting       | |  1.5
Stealth        | |  1.5

Action                     |  1- 3 |  4- 6 || total
---------------------------+-------+-------++-------
   Fire: Shortbow          |   102 |    72 ||   174
    Use: Scroll            |     3 |     6 ||     9
 Armour: Robe              |    10 |     7 ||    17
  Dodge: Dodged            |    27 |    20 ||    47

Table legend:
 A = Non-vault XP
 B = Vault XP
 C = Vault XP percentage of total XP
 D = Non-vault monster count
 E = Vault monster count
 F = Vault count percentage of total count
                 A         B        C        D         E       F
            +---------+---------+-------+---------+---------+-------
      Total |     189 |      38 |  16.7 |      67 |       8 |  10.7
            +---------+---------+-------+---------+---------+-------
        D:1 |      24 |       0 |   0.0 |      16 |       0 |   0.0
        D:2 |      45 |      38 |  45.8 |      21 |       8 |  27.6
        D:3 |      82 |       0 |   0.0 |      27 |       0 |   0.0
        D:4 |      38 |       0 |   0.0 |       3 |       0 |   0.0
            +---------+---------+-------+---------+---------+-------
